 Dungeon Crawl Stone Soup version 0.22-a0-580-gd5db89c (webtiles) character file.

56 wellist the Skirmisher (level 3, 0/34 HPs)
             Began as a Hill Orc Fighter on July 3, 2018.
             Succumbed to an adder's poison
             ... on level 2 of the Dungeon.
             The game lasted 00:02:59 (221 turns).

wellist the Skirmisher (Hill Orc Fighter)            Turns: 221, Time: 00:03:00

Health: 0/34       AC:  6    Str: 18    XL:     3   Next: 97%
Magic:  3/3        EV:  7    Int:  8    God:
Gold:   31         SH:  9    Dex: 11    Spells: 2/2 levels left

rFire    . . .     SeeInvis .   a - +0 war axe
rCold    . . .     Gourm    .   c - +0 shield
rNeg     . . .     Faith    .   b - +0 scale mail
rPois    .         Spirit   .   (no helmet)
rElec    .         Reflect  .   (no cloak)
rCorr    .         Harm     .   (no gloves)
MR       .....                  (no boots)
Stlth    ..........             (no amulet)
HPRegen  0.11/turn              (no ring)
MPRegen  0.08/turn              (no ring)

@: lethally poisoned (0 -> -6)
A: no striking features
a: no special abilities


You were on level 2 of the Dungeon.
You were not hungry.

You visited 1 branch of the dungeon, and saw 2 of its levels.

You collected 31 gold pieces.

Inventory:

Hand Weapons
 a - a +0 war axe (weapon)
Armour
 b - a +0 scale mail (worn)
 c - a +0 shield (worn)
Jewellery
 e - an uncursed ring of resist corrosion {unknown}
Potions
 d - a potion of might
Comestibles
 f - a ration
 g - 8 chunks of flesh


   Skills:
 * Level 4.5 Fighting
 * Level 3.8 Axes
 + Level 3.6 Armour
 + Level 3.6 Shields


You had 2 spell levels left.
You didn't know any spells.
Your spell library was empty.

Dungeon Overview and Level Annotations

Branches:
Dungeon (2/15)

Altars:


Message History

* * * LOW HITPOINT WARNING * * *
You are more poisoned.
The adder poisons you! The adder closely misses you.
You hit the adder.
The adder is almost dead.
* * * LOW HITPOINT WARNING * * *
You feel sick. The adder barely misses you.
The adder bites you but does no damage.
You barely miss the adder.
The adder is almost dead.
* * * LOW HITPOINT WARNING * * *
You feel sick. You block the adder's attack. The adder barely misses you.
Some of the chunks of flesh in your inventory have rotted away.
You closely miss the adder.
The adder is almost dead.
* * * LOW HITPOINT WARNING * * *
You feel sick. You block the adder's attack.
You closely miss the adder.
The adder is almost dead.
You die...

# ##.# ... #.#..#######.#
.?. #.#)##........ ...
#........# #.######
###.##.#..#
#.#....######.##.# .#
#.#...........##.# ..
...####.#.#S##########.# #.
...........SS@...........>.#
#
...####.#######.######.#...#
#!....... .. ..#......
#...##S.... ## #.# #.#.#
##S## .g.. #.# .# . #. ...
#.# # ## .. #.# .


You could see 2 adders and a ball python.

Vanquished Creatures
  A crimson imp (D:2)
  An adder (D:2)
  An ooze (D:1)
  A bat (D:2)
  A giant cockroach (D:1)
  A goblin (D:1)
  A hobgoblin (D:2)
  A frilled lizard (D:1)
  A kobold (D:1)
  3 rats (D:1)
12 creatures vanquished.

Notes
Turn   | Place    | Note
-------+----------+-------------------------------------------
     0 | D:1      | wellist the Hill Orc Fighter began the quest for the Orb.
     0 | D:1      | Reached XP level 1. HP: 19/19 MP: 1/1
    58 | D:1      | Reached XP level 2. HP: 27/27 MP: 2/2
    98 | D:1      | Reached skill level 4 in Fighting
   147 | D:1      | You fall through a shaft!
   197 | D:2      | Noticed a crimson imp
   211 | D:2      | Killed a crimson imp
   211 | D:2      | Reached XP level 3. HP: 16/34 MP: 3/3
   219 | D:2      | HP: 1/34 [poisoned by an adder]
   221 | D:2      | Succumbed to an adder's poison

Vault maps used:
D:1:      dpeg_arrival_tiny_b

Skill      XL: |  1  2 |
---------------+-------+-----
Axes           | 3 |  3.8
Fighting       | 4 |  4.5
Armour         | |  3.6
Shields        | |  3.6

Action                   || total
-------------------------++-------
Melee: War axe           ||    58
Armor: Scale mail        ||    20
Dodge: Dodged            ||    23
Block: Shield            ||    42

Table legend:
 A = Spawn XP
 B = Non-spawn XP
 C = Spawn XP percentage of total XP
 D = Spawn monster count
 E = Non-spawn monster count
 F = Spawn count percentage of total count
 G = Total turns spent on level
                    A         B        C        D         E        F      G
               +---------+---------+-------+---------+---------+-------+---------
         Total |       0 |      81 |   0.0 |       0 |      12 |   0.0 |   221
               +---------+---------+-------+---------+---------+-------+---------
           D:1 |       0 |      16 |   0.0 |       0 |       8 |   0.0 |   147
           D:2 |       0 |      65 |   0.0 |       0 |       4 |   0.0 |    74
               +---------+---------+-------+---------+---------+-------+---------
